 Dungeon Crawl Stone Soup version 0.30-a0-723-gc1506a1cf0 (webtiles) character file.

Game seed: 1524555255976969253

609 Leeroy the Grasshopper (level 7, -4/56 HPs)
             Began as a Gnoll Warper on Jan 28, 2023.
             Was a Follower of Qazlal.
             Slain by an ogre
             ... wielding a +0 giant club
              (26 damage)
             ... on level 6 of the Dungeon.
             The game lasted 00:05:51 (4387 turns).

Leeroy the Grasshopper (Gnoll Warper)               Turns: 4387, Time: 00:05:52

Health: -4/56      AC: 13    Str: 10    XL:     7   Next: 43%
Magic:  15/15      EV: 10    Int: 12    God:    Qazlal [*.....]
Gold:   220        SH:  1    Dex: 14    Spells: 5/17 levels left

rFire   + . .      SeeInvis .    y - +2 dagger (elec)
rCold   . . .      Faith    .    (no shield)
rNeg    . . .      Spirit   .    t - +0 scale mail {rF+}
rPois   .          Reflect  .    (no helmet)
rElec   .          Harm     .    r - +1 cloak
rCorr   +          Rampage  .    (no gloves)
Will    .....                    (no boots)
Stlth   +                        (no amulet)
HPRegen 0.29/turn                v - ring of resist corrosion
MPRegen 0.14/turn                z - +4 ring of protection

@: no status effects
A: fangs 1, strong nose, distributed training
a: Renounce Religion


You were on level 6 of the Dungeon.
You worshipped Qazlal.
Qazlal was aware of your devotion.
You visited 1 branch of the dungeon, and saw 6 of its levels.

You collected 220 gold pieces.

Inventory:

Hand Weapons
 a - a +0 falchion
 n - the +7 sling of Guji {freeze, Str+2}
   (You found it on level 2 of the Dungeon)

   Str:       It affects your strength (+2).
 p - a +0 long sword
 y - a +2 dagger of electrocution (weapon)
Missiles
 d - 7 boomerangs of dispersal (quivered)
 k - 15 poisoned darts
 C - 6 silver boomerangs
Armour
 b - a +0 leather armour
 r - a +1 cloak (worn)
 t - a +0 scale mail of fire resistance (worn)
 u - the +2 robe of Absolutism {-Tele rC+++ MP-9 Str+2}
   (You found it on level 4 of the Dungeon)

   Str:       It affects your strength (+2).
   rC:        It renders you almost immune to cold.
   MP:        It affects your magic capacity (-9).
   -Tele:     It prevents most forms of teleportation.
Jewellery
 v - a ring of resist corrosion (left hand)
 z - a +4 ring of protection (right hand)
Wands
 A - a wand of mindburst (20)
Scrolls
 c - a scroll of blinking
 g - 2 scrolls of teleportation
 h - a scroll of amnesia
 l - a scroll of fog
 m - a scroll of vulnerability
 o - a scroll of magic mapping {unknown}
 q - a scroll of immolation {unknown}
 w - a scroll of poison {unknown}
 x - 3 scrolls of fear
Potions
 e - a potion of mutation {unknown}
 f - 4 potions of heal wounds {unknown}
 i - 2 potions of lignification {unknown}
 j - a potion of might {unknown}
 s - 2 potions of curing {unknown}


   Skills:
 + Level 5.3 Fighting
 + Level 2.6 Short Blades
 + Level 5.3 Long Blades
 + Level 2.6 Axes
 + Level 2.6 Maces & Flails
 + Level 2.6 Polearms
 + Level 2.6 Staves
 + Level 2.6 Ranged Weapons
 + Level 3.7 Throwing
 + Level 3.7 Armour
 + Level 5.3 Dodging
 + Level 2.6 Stealth
 + Level 2.6 Shields
 + Level 2.6 Unarmed Combat
 + Level 5.6 Spellcasting
 + Level 2.1 Conjurations
 + Level 2.1 Hexes
 + Level 2.1 Summonings
 + Level 2.1 Necromancy
 + Level 5.9 Translocations
 + Level 2.1 Transmutations
 + Level 2.1 Fire Magic
 + Level 2.1 Ice Magic
 + Level 2.1 Air Magic
 + Level 2.1 Earth Magic
 + Level 2.1 Poison Magic
 + Level 2.9 Invocations
 + Level 2.6 Evocations


You had 5 spell levels left.
You knew the following spells:

 Your Spells              Type           Power      Damage    Failure   Level
a - Blink                 Tloc           34%        N/A       16%         2
b - Vhi's Electric Charg  Tloc/Air       26%        N/A       54%         3
c - Teleport Other        Tloc           17%        N/A       30%         3
d - Manifold Assault      Tloc           17%        N/A       71%         4

Your spell library contained the following spells:

 Spells                   Type           Power      Damage    Failure   Level
 Lesser Beckoning         Tloc           34%        N/A       16%         2


Dungeon Overview and Level Annotations

Branches:
Dungeon (6/15)             Temple (0/1) D:5

Altars:
Cheibriados
Nemelex Xobeh
Okawaru
Qazlal
Wu Jian

Shops:
D:1 !   D:2 ?   D:3 *


Innate Abilities, Weirdness & Mutations

You have very sharp teeth.
Your uncanny sense of smell can sniff out nearby items.
Your experience applies equally to all skills.


Message History

You are too injured to fight recklessly!
You are too injured to fight recklessly!
You are too injured to fight recklessly!
You are too injured to fight recklessly!
You barely miss the orc priest.
The adder hisses angrily.
You bite the orc priest, but do no damage.
The orc priest is almost dead.
The hound bites you but does no damage.
The orc priest hits you with a +0 flail.
You hit the orc priest but do no damage.
The orc priest is almost dead.
The hound bites you but does no damage.
The orc priest begins to cast a cantrip, but forgets the words!
The hound bites you but does no damage.
You hit the hound.
The hound is moderately wounded.
The hound bites you but does no damage.
The orc priest hits you but does no damage.
You closely miss the hound.
The hound is moderately wounded.
The hound stops to sniff the ground.
The hound barely misses you.
The orc priest hits you with a +0 flail.
An ogre comes into view. It is wielding a +0 giant spiked club.
You hit the orc priest but do no damage.
The orc priest is almost dead.
The hound barely misses you. The hound bites you but does no damage.
The orc priest hits you but does no damage.
The ogre closely misses you.
You hit the orc priest but do no damage.
Lightning courses through the orc priest!!
You kill the orc priest!
Qazlal accepts your kill. The hound bites you but does no damage.
You closely miss the hound.
The hound is moderately wounded.
The adder bites you but does no damage. The hound bites you but does no damage.
The ogre hits you with a +0 giant club!!
You die...

. ..
###########...
#.....<...O...
#.....○S......
#....)@h......
##....)O.##...
#.......# ..
#.......# .
.....)...#
..........#
..........#
..........#


You could see 2 ogres, a hound and an adder.

Vanquished Creatures
  A water moccasin (D:5)
  A phantom (D:4)
  2 scorpions
  A hound (D:4)
  An orc priest (D:6)
  2 iguanas
  Terence (D:3)
  9 adders
  A shadow imp (D:4)
  A white imp (D:6)
  5 orcs
  8 endoplasms
  4 giant cockroaches
  13 hobgoblins
  4 jackals (D:1)
  A quokka (D:3)
  3 ball pythons
  5 bats
  5 frilled lizards
  9 goblins
  6 kobolds
  11 rats
94 creatures vanquished.

Vanquished Creatures (others)
  6 plants (D:5)
6 creatures vanquished.

Grand Total: 100 creatures vanquished

Notes
Turn   | Place    | Note
-------+----------+-------------------------------------------
     0 | D:1      | Leeroy the Gnoll Warper began the quest for the Orb.
     0 | D:1      | Reached XP level 1. HP: 20/20 MP: 6/6
   117 | D:1      | Reached XP level 2. HP: 21/26 MP: 7/7
   500 | D:1      | Found Deept's Distillery.
   687 | D:1      | Reached skill level 5 in Spellcasting
   687 | D:1      | Reached XP level 3. HP: 15/31 MP: 7/9
  1062 | D:2      | Reached skill level 1 in Invocations
  1238 | D:2      | Reached skill level 1 in Short Blades
  1238 | D:2      | Reached skill level 1 in Axes
  1238 | D:2      | Reached skill level 1 in Maces & Flails
  1238 | D:2      | Reached skill level 1 in Polearms
  1238 | D:2      | Reached skill level 1 in Staves
  1238 | D:2      | Reached skill level 1 in Ranged Weapons
  1238 | D:2      | Reached skill level 1 in Stealth
  1238 | D:2      | Reached skill level 1 in Shields
  1238 | D:2      | Reached skill level 1 in Unarmed Combat
  1238 | D:2      | Reached skill level 1 in Evocations
  1318 | D:2      | Found Gevonur's Magic Scroll Shop.
  1489 | D:2      | Reached XP level 4. HP: 24/38 MP: 11/11
  1619 | D:2      | Identified the +7 sling of Guji {freeze, Str+2}
  1742 | D:2      | Reached skill level 1 in Conjurations
  1742 | D:2      | Reached skill level 1 in Hexes
  1742 | D:2      | Reached skill level 1 in Summonings
  1742 | D:2      | Reached skill level 1 in Necromancy
  1742 | D:2      | Reached skill level 1 in Transmutations
  1742 | D:2      | Reached skill level 1 in Fire Magic
  1742 | D:2      | Reached skill level 1 in Ice Magic
  1742 | D:2      | Reached skill level 1 in Air Magic
  1742 | D:2      | Reached skill level 1 in Earth Magic
  1742 | D:2      | Reached skill level 1 in Poison Magic
  1817 | D:3      | Found a stormy altar of Qazlal.
  1827 | D:3      | Found an iron altar of Okawaru.
  1837 | D:3      | Became a worshipper of Qazlal Stormbringer
  1848 | D:3      | Noticed Terence
  1882 | D:3      | Killed Terence
  1888 | D:3      | Learned a level 2 spell: Blink
  1892 | D:3      | Learned a level 3 spell: Vhi's Electric Charge
  1896 | D:3      | Learned a level 3 spell: Teleport Other
  1901 | D:3      | Learned a level 4 spell: Manifold Assault
  1925 | D:3      | HP: 1/38 [adder (2)]
  1930 | D:3      | Reached XP level 5. HP: 3/43 MP: 6/12
  2178 | D:3      | Found Leaxote's Assorted Antiques.
  2264 | D:3      | Found a snail-covered altar of Cheibriados.
  2357 | D:3      | Found a sparkling altar of Nemelex Xobeh.
  2780 | D:4      | Identified the +2 robe of Absolutism {-Tele rC+++ MP-9
                  | Str+2}
  3061 | D:4      | Found an ornate altar of the Wu Jian Council.
  3119 | D:4      | Reached skill level 5 in Fighting
  3119 | D:4      | Reached skill level 5 in Long Blades
  3119 | D:4      | Reached skill level 5 in Dodging
  3119 | D:4      | Reached XP level 6. HP: 46/51 MP: 14/14
  3289 | D:4      | Reached * piety under Qazlal
  3642 | D:5      | Entered Level 5 of the Dungeon
  3963 | D:5      | Noticed a water moccasin
  3975 | D:5      | Killed a water moccasin
  3976 | D:5      | Reached XP level 7. HP: 24/56 MP: 15/15
  4160 | D:5      | Found a staircase to the Ecumenical Temple.
  4387 | D:6      | Slain by an ogre

Illustrated notes

Levels and vault maps discovered:
D:1:      saegor_arrival_simple_d, layout_loops_cross, serial_shops,
          shop_fountains, amcnicky_mini_corridor_feature
D:2:      layout_loops_cross, serial_shops, nicolae_shop_advertising_works
          [nicolae_subvault_shop_adworks], chequers_serial_rivers_room_a
D:3:      layout_rooms, nicolae_qazlal_scattered_showers, nemelex_altar_shiori,
          mainiacjoe_overflow_small_starburst, mainiacjoe_overflow_brackets,
          serial_glass, glass_columns_a, glass_columns_b, serial_shops, shop,
          serial_bayou_lagoon_a, uniq_terence
D:4:      layout_gridville, lemuel_crystal_altar, st_stairs_1
D:5:      layout_basic, minmay_temple_entry_gardened_gates
D:6:      lemuel_ratsnest, layout_gridville

Skill      XL: |  1  2  3  4  5  6 |
---------------+-------------------+-----
Spellcasting   | 5 |  5.6
Invocations    | 1 2 |  2.9
Short Blades   | 1 2 |  2.6
Axes           | 1 2 |  2.6
Maces & Flails | 1 2 |  2.6
Polearms       | 1 2 |  2.6
Staves         | 1 2 |  2.6
Ranged Weapons | 1 2 |  2.6
Stealth        | 1 2 |  2.6
Shields        | 1 2 |  2.6
Unarmed Combat | 1 2 |  2.6
Evocations     | 1 2 |  2.6
Conjurations   | 1 2 |  2.1
Hexes          | 1 2 |  2.1
Summonings     | 1 2 |  2.1
Necromancy     | 1 2 |  2.1
Transmutations | 1 2 |  2.1
Fire Magic     | 1 2 |  2.1
Ice Magic      | 1 2 |  2.1
Air Magic      | 1 2 |  2.1
Earth Magic    | 1 2 |  2.1
Poison Magic   | 1 2 |  2.1
Throwing       | 3 |  3.7
Armour         | 3 |  3.7
Fighting       | 5 |  5.3
Long Blades    | 5 |  5.3
Dodging        | 5 |  5.3
Translocations | |  5.9

Action                     |  1- 3 |  4- 6 |  7- 9 || total
---------------------------+-------+-------+-------++-------
  Melee: Falchion          |   122 |   185 |       ||   307
         Bite              |     8 |    17 |     5 ||    30
         Punch             |     3 |     3 |     1 ||     7
         Dagger            |       |    30 |    33 ||    63
   Cast: Manifold Assault  |       |     2 |       ||     2
    Use: Scroll            |       |     5 |       ||     5
   Stab: Sleeping          |     5 |       |       ||     5
 Armour: Leather armour    |    28 |    16 |       ||    44
         Scale mail        |       |    76 |    21 ||    97
  Dodge: Dodged            |    74 |   158 |    12 ||   244

Table legend: (Time is in decaauts)
 A = Elapsed time spent in this place.
 B = Non-inter-level travel time spent in this place.
 C = Inter-level travel time spent in this place.
 D = Time resting spent in this place.
 E = Time spent auto-exploring this place.
 F = Levels seen in this place.
 G = Mean time per level.
                   A        B        C        D        E       F      G
               +--------+--------+--------+--------+--------+-----+--------+
         Total |   4409 |   4268 |    141 |      0 |   3479 |   6 |  734.8 |
       Dungeon |   4409 |   4268 |    141 |      0 |   3479 |   6 |  734.8 |
               +--------+--------+--------+--------+--------+-----+--------+

Top non-repeatable levels by time:
     D:1: 1051 daAuts
     D:4: 1009 daAuts
     D:3: 836 daAuts
     D:2: 772 daAuts
     D:5: 714 daAuts
     D:6: 24 daAuts
